 Dungeon Crawl Stone Soup version 0.29.1-13-g9f3cf754e1 (webtiles) character file.

Game seed: 16282478024667881800

14 DildoBatman the Conjurer (level 2, -3/20 HPs)
             Began as a Formicid Conjurer on Jan 22, 2023.
             Slain by a quokka (4 damage)
             ... on level 1 of the Dungeon.
             The game lasted 00:01:34 (411 turns).

DildoBatman the Conjurer (Formicid Conjurer)         Turns: 411, Time: 00:01:34

Health: -3/20      AC:  2    Str: 11    XL:     2   Next: 60%
Magic:  0/5        EV: 12    Int: 17    God:
Gold:   17         SH:  0    Dex: 12    Spells: 2/5 levels left

rFire   . . .      SeeInvis +   c - +0 flail
rCold   . . .      Faith    .   (no shield)
rNeg    . . .      Spirit   .   a - +0 robe
rPois   .          Reflect  .   (helmet unavailable)
rElec   .          Harm     .   (no cloak)
rCorr   .          Rampage  .   (no gloves)
Will    .....                   (no boots)
Stlth   ++........              (no amulet)
HPRegen 0.06/turn               (no ring)
MPRegen 0.09/turn               (no ring)

@: no status effects
A: permanent stasis, dig shafts and tunnels, antennae 3, four strong arms
a: Dig, Shaft Self


You were on level 1 of the Dungeon.
You visited 1 branch of the dungeon, and saw 1 of its levels.

You collected 17 gold pieces.

Inventory:

Hand Weapons
 c - a +0 flail (weapon)
Armour
 a - a +0 robe (worn)
Potions
 b - a potion of magic


   Skills:
 * Level 0.7 Fighting
 * Level 0.7 Armour
 - Level 2.0 Dodging
 - Level 2.4 Stealth
 * Level 2.4 Spellcasting
 * Level 3.7 Conjurations


You had 2 spell levels left.
You knew the following spells:

 Your Spells              Type           Power      Damage    Failure   Level
a - Searing Ray           Conj           28%        2d5       6%          2
c - Magic Dart            Conj           56%        1d5       4%          1

Your spell library contained the following spells:

 Spells                   Type           Power      Damage    Failure   Level
 Dazzling Flash           Conj/Hex       16%        N/A       26%         3
 Fulminant Prism          Conj/Hex       4%         3d6       65%         4
 Iskenderun's Mystic Bla  Conj/Tloc      8%         2d4       65%         4


Dungeon Overview and Level Annotations

Branches:
Dungeon (1/15)

Altars:


Innate Abilities, Weirdness & Mutations

You cannot be hasted, slowed, berserked, paralysed or teleported.
You can dig through walls and to a lower floor.
You have a pair of large antennae on your head. (SInv)
Your four strong arms can wield two-handed weapons with a shield.


Message History

The quokka is heavily wounded.
The quokka closely misses you.
Casting: Magic Dart (safe; 4% risk of failure)
Confirm with . or Enter, or press ? or * to list all spells.
Aiming: Magic Dart (safe; 4% risk of failure)
Press: ? - help, Shift-Dir - straight line, f/p - quokka
Aim: a quokka (heavily wounded, 100% to hit)
You miscast Magic Dart.
You are very lightly contaminated with residual magic.
Nothing appears to happen.
The quokka closely misses you.
You miss the quokka.
The quokka is heavily wounded.
The quokka bites you. x2
Casting: Magic Dart (safe; 4% risk of failure)
Confirm with . or Enter, or press ? or * to list all spells.
Aiming: Magic Dart (safe; 4% risk of failure)
Press: ? - help, Shift-Dir - straight line, f/p - quokka
Aim: a quokka (heavily wounded, 100% to hit)
The magic dart hits the quokka.
The quokka is almost dead.
The quokka bites you.
You closely miss the quokka.
The quokka is almost dead.
The quokka barely misses you. The quokka bites you.
Casting: Magic Dart (safe; 4% risk of failure)
Confirm with . or Enter, or press ? or * to list all spells.
You don't have enough magic to cast this spell.
You closely miss the quokka.
The quokka is almost dead.
The quokka bites you. x2
You barely miss the quokka.
The quokka is almost dead.
The quokka bites you.
Your magical contamination has completely faded away.
Unknown command.
The quokka attacks as you move away! The quokka bites you.
You die...

....... # .> #............
.# ##.##............ ..#
..#................##.?#
..#...$...............#
.................##.#.#
..........##..........###
..#...........#...#.#...#
...##...r@.....#......#.>.
.................#.##...#.
....................###.#
..................#.# #
................#.#†#
..................#.##
......#........##.#..##
......#........##..._.#
................#.###.#


You could see a quokka.

Vanquished Creatures
  3 endoplasms (D:1)
  A giant cockroach (D:1)
  2 hobgoblins (D:1)
  3 jackals (D:1)
  A quokka (D:1)
  A rat (D:1)
11 creatures vanquished.

Notes
Turn   | Place    | Note
-------+----------+-------------------------------------------
     0 | D:1      | DildoBatman the Formicid Conjurer began the quest for the
                  | Orb.
     0 | D:1      | Reached XP level 1. HP: 13/13 MP: 3/3
   126 | D:1      | Found a faded altar of an unknown god.
   159 | D:1      | Reached XP level 2. HP: 13/20 MP: 0/5
   162 | D:1      | Learned a level 2 spell: Searing Ray
   410 | D:1      | HP: 1/20 [quokka (1)]
   411 | D:1      | Slain by a quokka

Illustrated notes

Levels and vault maps discovered:
D:1:      wheals_arrival_linesprint, layout_rooms, serial_curves,
          eino_curves_01, eino_curves_04, basic_ecumenical_altar,
          minmay_misc_feat_room

Skill      XL: |  1  2 |
---------------+-------+-----
Dodging        | 2 |  2.0
Fighting       | |  0.7
Armour         | |  0.7
Stealth        | |  2.4
Spellcasting   | |  2.4
Conjurations   | |  3.7

Action                   || total
-------------------------++-------
Melee: Unarmed           ||     4
       Flail             ||     7
 Cast: Magic Dart        ||    18
       Searing Ray       ||     2
Armor: Robe              ||     1
Dodge: Dodged            ||    16
